 Dungeon Crawl Stone Soup version 0.21.1-1-g345015f (webtiles) character file.

54 RubyRose the Conjurer (level 3, -4/19 HPs)
             Began as a Deep Elf Conjurer on May 1, 2018.
             Slain by Natasha (5 damage)
             ... on level 2 of the Dungeon.
             The game lasted 00:08:45 (1127 turns).

RubyRose the Conjurer (Deep Elf Conjurer)           Turns: 1127, Time: 00:08:45

Health: -4/19      AC:  3    Str:  5    XL:     3   Next: 66%
Magic:  0/9        EV: 12    Int: 20    God:
Gold:   52         SH:  0    Dex: 15    Spells: 2/8 levels left

rFire    . . .     SeeInvis .   h - +0 dagger (curse)
rCold    . . .     Gourm    .   (no shield)
rNeg     . . .     Faith    .   j - +0 leather armour (curse)
rPois    .         Spirit   .   (no helmet)
rElec    .         Reflect  .   (no cloak)
rCorr    .         Harm     .   (no gloves)
MR       .....                  (no boots)
Stlth    ++........             (no amulet)
HPRegen  0.06/turn              (no ring)
MPRegen  0.11/turn              (no ring)

@: no status effects
A: no striking features
a: no special abilities


You were on level 2 of the Dungeon.
You were not hungry.

You visited 1 branch of the dungeon, and saw 2 of its levels.

You collected 52 gold pieces.

Inventory:

Hand Weapons
 g - a +0 club
 h - a cursed +0 dagger (weapon)
 i - a +0 long sword
Missiles
 d - 64 arrows
Armour
 a - a +0 robe
 e - a +0 robe
 j - a cursed +0 leather armour (worn)
Potions
 f - 2 potions of curing
 k - 2 potions of mutation {unknown}
Books
 b - a book of Conjurations

   Spells                             Type                      Level
   a - Magic Dart                     Conjuration                  1
   b - Searing Ray                    Conjuration                  2
   c - Dazzling Spray                 Conjuration/Hexes            3
   d - Fulminant Prism                Conjuration/Hexes            4
   e - Force Lance                    Conjuration/Translocation    4
   f - Iskenderun's Mystic Blast      Conjuration                  4
Comestibles
 c - a ration


   Skills:
 + Level 0.2 Fighting
 + Level 0.5 Maces & Flails
 + Level 2.7 Dodging
 + Level 2.6 Stealth
 + Level 3.3 Spellcasting
 + Level 5.4 Conjurations


You had 2 spell levels left.
You knew the following spells:

 Your Spells              Type           Power        Failure   Level  Hunger
a - Magic Dart            Conj           ###.         2%          1    None
b - Searing Ray           Conj           ###...       3%          2    ##.....
c - Dazzling Spray        Conj/Hex       ##....       22%         3    ###....


Dungeon Overview and Level Annotations

Branches:
Dungeon (2/15)

Altars:

Annotations:
D:2 Natasha


Message History

Natasha completely misses you.
The shadow imp laughs crazily.
You hit Natasha but do no damage.
Natasha is heavily wounded.
Natasha closely misses you.
Casting: Searing Ray
Confirm with . or Enter, or press ? or * to list all spells.
Aiming: Searing Ray
Press: ? - help, Shift-Dir - straight line, f/p - Natasha
Aim: Natasha (heavily wounded)
The searing ray hits Natasha.
Natasha is almost dead. (Press . to maintain the ray.) Natasha casts a spell.
Natasha claws you!
* * * LOW HITPOINT WARNING * * *
You hit Natasha.
Natasha is almost dead.
Natasha claws you.
You die...

##.......######.##.# #
####.........####...#.#######
...'........('..........>....
##....†....##........######
##.......###.##.#...# #
##......# #.##.##### #
##...#.###.##.# #
###'##........# #
#...55h@!..### ###.#.#####..#
#.......# ..# #.s.......# .#
#.#.#........ # #.#.†..####.#
# #.#.## #..>. ###.#


You could see Natasha, a white imp and a shadow imp.

Vanquished Creatures
  Natasha (D:2)
  2 worms (D:2)
  A dart slug (D:2)
  A leopard gecko (D:2)
  2 bats (D:2)
  2 giant cockroaches (D:2)
  2 goblins (D:1)
  4 hobgoblins
  2 quokkas (D:2)
  2 frilled lizards (D:1)
  2 kobolds
21 creatures vanquished.

Notes
Turn   | Place    | Note
-------+----------+-------------------------------------------
     0 | D:1      | RubyRose the Deep Elf Conjurer began the quest for the Orb.
     0 | D:1      | Reached XP level 1. HP: 10/10 MP: 6/6
   309 | D:1      | Reached XP level 2. HP: 15/15 MP: 6/8
   452 | D:2      | Learned a level 2 spell: Searing Ray
   454 | D:2      | Noticed Natasha
   464 | D:2      | Killed Natasha
   464 | D:2      | Reached skill level 5 in Conjurations
   464 | D:2      | Reached XP level 3. HP: 7/19 MP: 0/9
   989 | D:2      | Learned a level 3 spell: Dazzling Spray
  1093 | D:2      | Noticed Natasha
  1127 | D:2      | Slain by Natasha

Skill      XL: |  1  2 |
---------------+-------+-----
Conjurations   | 5 |  5.4
Fighting       | |  0.2
Maces & Flails | |  0.5
Dodging        | |  2.7
Stealth        | |  2.6
Spellcasting   | |  3.3

Action                   || total
-------------------------++-------
Melee: Club              ||     9
       Dagger            ||    13
 Cast: Magic Dart        ||    30
       Searing Ray       ||     5
       Dazzling Spray    ||     3
 Stab: Sleeping          ||     1
  Eat: Ration            ||     1
Armor: Robe              ||     1
Dodge: Dodged            ||    24
